 Dungeon Crawl Stone Soup version 0.28.0-53-g5a82cb258f (webtiles) character file.

Game seed: 3718893635829332162

44 SanguineChosen the Covered (level 3, 0/34 HPs)
             Began as a Gargoyle Fighter on July 21, 2022.
             Slain by Natasha (3 damage)
             ... on level 2 of the Dungeon.
             The game lasted 00:02:23 (1261 turns).

SanguineChosen the Covered (Gargoyle Fighter)       Turns: 1261, Time: 00:02:23

Health: 0/34       AC: 10    Str: 21    XL:     3   Next: 62%
Magic:  3/3        EV:  9    Int:  8    God:
Gold:   27         SH:  4    Dex:  9    Spells: 2/2 levels left

rFire   . . .      SeeInvis .   a - +0 flail
rCold   . . .      Faith    .   c - +0 buckler
rNeg    + . .      Spirit   .   b - +0 scale mail
rPois   ∞          Reflect  .   (no helmet)
rElec   +          Harm     .   (no cloak)
rCorr   .          Rampage  .   (no gloves)
Will    +....                   (no boots)
Stlth   ..........              (no amulet)
HPRegen 0.11/turn               e - ring of willpower
MPRegen 0.08/turn               (no ring)

@: berserking, very quick
A: sickness immunity, AC +3, negative energy resistance 1, electricity
resistance, torment resistance 1, petrification resistance
a: no special abilities


You were on level 2 of the Dungeon.
You visited 1 branch of the dungeon, and saw 2 of its levels.

You collected 27 gold pieces.

Inventory:

Hand Weapons
 a - a +0 flail (weapon)
Armour
 b - a +0 scale mail (worn)
 c - a +0 buckler (worn)
Jewellery
 e - a ring of willpower (left hand)
Scrolls
 f - a scroll of magic mapping {unknown}
 g - a scroll of enchant weapon {unknown}
Potions
 d - 2 potions of might


   Skills:
 + Level 3.5 Fighting
 + Level 2.7 Maces & Flails
 + Level 3.7 Armour
 + Level 0.5 Dodging
 + Level 0.1 Stealth
 + Level 3.6 Shields


You had 2 spell levels left.
You didn't know any spells.
Your spell library was empty.

Dungeon Overview and Level Annotations

Branches:
Dungeon (2/15)

Altars:

Annotations:
D:2 Natasha


Innate Abilities, Weirdness & Mutations

You are immune to sickness and miasma.
Your stone body is resilient. (AC +3)
You are immune to poison.
You resist negative energy. (rN+)
You are resistant to electric shocks. (rElec)
You are resistant to unholy torment.
You are immune to petrification.


Message History

You are too injured to fight recklessly!
You are too injured to fight recklessly!
You are too injured to fight recklessly!
You are too injured to fight recklessly!
You closely miss Natasha.
Natasha is lightly wounded.
Natasha barely misses you.
You hit Natasha.
Natasha is heavily wounded.
You block Natasha's attack.
You closely miss Natasha.
Natasha is heavily wounded.
Natasha casts a spell at you. You resist with almost no effort.
You barely miss Natasha.
Natasha is moderately wounded.
Natasha claws you.
* * * LOW HITPOINT WARNING * * *
Natasha claws you.
* * * LOW HITPOINT WARNING * * *
It was a potion of berserk rage.
A red film seems to cover your vision as you go berserk!
You feel yourself moving faster!
You feel mighty! Natasha closely misses you.
You barely miss Natasha.
Natasha is moderately wounded.
Natasha claws you.
* * * LOW HITPOINT WARNING * * *
You miss Natasha.
Natasha is moderately wounded.
Natasha claws you but does no damage.
You sock Natasha!
Natasha is almost dead.
You closely miss Natasha.
Natasha is almost dead.
Natasha casts a spell.
You barely miss Natasha.
Natasha is almost dead.
Natasha hisses.
Natasha claws you.
You die...

#### #..# #### #..#
... #..#
###.######..##
#####...#........#
#5.h@..###.#...#.#
#.###..###.#..##.#
#......#<..#.##
#.....######......#
####### #.#....#
#.###.## #.###.##
#......# ########


You could see Natasha and a white imp (summoned).

Vanquished Creatures
  3 dart slugs (D:1)
  4 ball pythons (D:1)
  4 endoplasms (D:1)
  2 giant cockroaches (D:1)
  3 goblins (D:1)
  A hobgoblin (D:1)
  3 jackals (D:1)
  4 kobolds (D:1)
  2 quokkas (D:1)
  3 bats (D:1)
  4 rats (D:1)
33 creatures vanquished.

Notes
Turn   | Place    | Note
-------+----------+-------------------------------------------
     0 | D:1      | SanguineChosen the Gargoyle Fighter began the quest for the
                  | Orb.
     0 | D:1      | Reached XP level 1. HP: 14/14 MP: 1/1
   180 | D:1      | Reached XP level 2. HP: 14/19 MP: 2/2
   717 | D:1      | Reached XP level 3. HP: 21/23 MP: 3/3
   891 | D:1      | Found a faded altar of an unknown god.
  1248 | D:2      | Noticed Natasha
  1261 | D:2      | Slain by Natasha

Illustrated notes

Levels and vault maps discovered:
D:1:      elethiomel_arrival_diamonds, layout_basic, serial_glass,
          glass_columns_a, glass_columns_a, glass_columns_a, glass_columns_b,
          glass_columns_c, glass_columns_c, glass_columns_c, glass_columns_b,
          glass_columns_c, glass_columns_a,
          hellmonk_ecumenical_altar_prayer_group
D:2:      layout_basic, corexii_shack, grunt_decor_mini_mirrors,
          minmay_tromino_i2, uniq_natasha

Action                   || total
-------------------------++-------
Melee: Flail             ||   132
  Use: Potion            ||     1
Armor: Scale mail        ||   114
Dodge: Dodged            ||   106
Block: Buckler           ||    32
